 Dungeon Crawl Stone Soup version 0.25.0-33-gff14898491 (webtiles) character file.

Game seed: 7139379060015913479

722 Lekan the Chopper (level 7, -3/60 HPs)
             Began as a Hill Orc Fighter on July 6, 2020.
             Slain by an orc warrior
             ... wielding a +0 short sword
              (5 damage)
             ... on level 6 of the Dungeon.
             The game lasted 00:14:52 (3572 turns).

Lekan the Chopper (Hill Orc Fighter)                Turns: 3572, Time: 00:14:52

Health: -3/60      AC: 11    Str: 19 (20) XL:     7   Next: 71%
Magic:  7/7        EV:  5    Int:  5 (8)  God:
Gold:   132        SH:  9    Dex: 10 (11) Spells: 6/6 levels left

rFire    + . .     SeeInvis .   a - +0 war axe
rCold    + . .     Gourm    .   c - +0 kite shield
rNeg     . . .     Faith    .   i - +0 chain mail
rPois    .         Spirit   .   (no helmet)
rElec    .         Reflect  .   g - scarf {rC+ rF+}
rCorr    .         Harm     .   (no gloves)
MR       .....                  o - +1 pair of boots
Stlth    ..........             (no amulet)
HPRegen  0.20/turn              (no ring)
MPRegen  0.10/turn              (no ring)

@: drained
A: no striking features
a: no special abilities


You were on level 6 of the Dungeon.
You were not hungry.

You visited 1 branch of the dungeon, and saw 5 of its levels.

You collected 132 gold pieces.

Inventory:

Hand Weapons
 a - a +0 war axe (weapon)
 e - a +0 dagger
Missiles
 p - 14 poisoned darts (quivered)
Armour
 b - a +0 scale mail
 c - a +0 kite shield (worn)
 g - a scarf of resistance (worn)
 i - a +0 chain mail (worn)
 k - a +0 pair of boots
 o - a +1 pair of boots (worn)
Scrolls
 h - 4 scrolls of identify {unknown}
 j - 2 scrolls of enchant weapon {unknown}
 q - 2 scrolls of enchant armour {unknown}
 s - a scroll of remove curse {unknown}
 t - 5 scrolls of blinking {unknown}
 u - a scroll of amnesia {unknown}
Potions
 l - a potion of brilliance {unknown}
 n - a potion of heal wounds {unknown}
 r - a potion of flight {unknown}
 v - a potion of curing {unknown}
 x - a potion of mutation {unknown}
 A - a potion of resistance {unknown}
 B - a potion of lignification {unknown}
Comestibles
 f - 8 rations
 z - a chunk of flesh


   Skills:
 + Level 4.9(3.9) Fighting
 + Level 7.0(5.9) Axes
 + Level 0.4(0.0) Throwing
 + Level 4.5(3.5) Armour
 * Level 2.6(1.6) Dodging
 + Level 5.2(4.2) Shields


You had 6 spell levels left.
You didn't know any spells.
Your spell library was empty.

Dungeon Overview and Level Annotations

Branches:
Dungeon (6/15)
 Temple: D:4-7

Altars:
Elyvilon
Nemelex Xobeh
Sif Muna
Trog
Xom
The Shining One

Shops:
D:6 :


Message History

You hit the orc warrior but do no damage.
You block the orc warrior's attack. The orc hits you but does no damage.
The orc warrior hits you with a +0 short sword!
* * * LOW HITPOINT WARNING * * *
You hit the orc warrior.
The orc warrior is moderately wounded.
You hit the orc.
You kill the orc!
A puff of flame appears from out of thin air!
The puff of flame hits you. You resist.
* * * LOW HITPOINT WARNING * * *
The orc warrior hits you with a +0 short sword.
* * * LOW HITPOINT WARNING * * *
It was a potion of cancellation.
You feel magically purged. You block the orc warrior's attack.
It was a potion of degeneration.
There was something very wrong with that liquid.
You feel weakened.
You feel dopey.
You feel clumsy.
The orc warrior hits you with a +0 short sword.
You die...

......####..##.##...
##.##.......8.∩<8...
#
.....####.###.##...
#. #.#..#
##.###8##...
#.###.#..###...#÷.#
...
......<.o÷)......##
..#..##)####......#
#..#..##)#
##..........
#......@o#
#...)....####
####.#####
#.#......# #
#.#.(...... .
..#.......
.###.####...>. ##
.##.#


You could see an orc warrior and an orc.

Vanquished Creatures
  A centaur (D:6)
  A bullfrog (D:6)
  A scorpion (D:6)
  4 wights (D:6)
  A quasit (D:6)
  An orc priest (D:3)
  An orc wizard (D:2)
  A worker ant (D:6)
  2 adders
  12 gnolls
  2 worms
  3 dart slugs
  6 leopard geckos
  13 orcs
  2 ball pythons (D:2)
  5 bats
  5 giant cockroaches
  6 goblins
  8 hobgoblins
  5 jackals
  5 kobolds
  2 quokkas (D:3)
  3 frilled lizards
  4 rats
94 creatures vanquished.

Notes
Turn   | Place    | Note
-------+----------+-------------------------------------------
     0 | D:1      | Lekan the Hill Orc Fighter began the quest for the Orb.
     0 | D:1      | Reached XP level 1. HP: 19/19 MP: 1/1
    44 | D:1      | Reached XP level 2. HP: 21/27 MP: 2/2
   135 | D:1      | Reached skill level 3 in Axes
   171 | D:1      | Found a glowing golden altar of the Shining One.
   468 | D:1      | You fall into a shaft and drop 1 floor!
   665 | D:2      | Reached XP level 3. HP: 33/33 MP: 3/3
   694 | D:2      | Reached XP level 4. HP: 33/40 MP: 4/4
   706 | D:2      | Reached skill level 1 in Dodging
   813 | D:2      | Reached skill level 4 in Axes
  1282 | D:1      | Reached XP level 5. HP: 46/46 MP: 5/5
  1513 | D:2      | Found a bloodstained altar of Trog.
  1772 | D:3      | Found a shimmering blue altar of Sif Muna.
  1864 | D:3      | Reached skill level 5 in Axes
  2100 | D:3      | Found a shimmering altar of Xom.
  2475 | D:3      | Reached XP level 6. HP: 43/53 MP: 6/6
  2919 | D:3      | Found a white marble altar of Elyvilon.
  3016 | D:3      | You fall into a shaft and drop 3 floors!
  3125 | D:6      | Reached skill level 6 in Axes
  3179 | D:6      | Reached XP level 7. HP: 38/60 MP: 7/7
  3345 | D:6      | Found a sparkling altar of Nemelex Xobeh.
  3365 | D:5      | Entered Level 5 of the Dungeon
  3372 | D:6      | Found Soam's Book Shop.
  3433 | D:6      | Reached skill level 5 in Shields
  3441 | D:6      | Reached skill level 7 in Axes
  3570 | D:6      | HP: 2/60 [orc warrior/+0 short sword (2)]
  3572 | D:6      | Slain by an orc warrior

Illustrated notes

Levels and vault maps discovered:
D:1:      lightli_arrival_chessboard, layout_basic, tso_metal_star
D:2:      layout_rooms, bloody_trog, first_ration, minmay_between
D:3:      layout_loops_ring, lemuel_crystal_altar, old_standard_altar,
          nicolae_overflow_crystal_walls, serial_bayou_lagoon_a,
          uniq_crazy_yiuf_cottage
D:5:      lemuel_ratsnest, layout_basic, general_overflow_altar,
          kennysheep_little_box
D:6:      layout_loops_cross, old_standard_altar,
          nemelex_xobeh_ov_fountains_minmay, serial_shops,
          nicolae_shop_statue_plus

Skill      XL: |  1  2  3  4  5  6  7 |
---------------+----------------------+-----
Axes           | 3 4 5 6 7 |  7.0
Fighting       | 4 |  4.9
Dodging        | 1 2 |  2.6
Shields        | 4 5 |  5.2
Armour         | 4 |  4.5
Throwing       | |  0.4

Action                   |  1- 3 |  4- 6 |  7- 9 || total
-------------------------+-------+-------+-------++-------
Melee: War axe           |    68 |   241 |    56 ||   365
Throw: Dart              |       |     6 |       ||     6
  Use: Potion            |       |       |     3 ||     3
  Eat: Chunk             |       |     8 |     1 ||     9
Armor: Scale mail        |     5 |       |       ||     5
       Chain mail        |    31 |   130 |    52 ||   213
Dodge: Dodged            |    14 |    57 |    26 ||    97
Block: Kite shield       |    40 |   135 |    49 ||   224
